 Dungeon Crawl Stone Soup version 0.23-a0-8-gb809bb7 (webtiles) character file.

498 prawnwizard the Conjurer (level 6, -4/32 HPs)
             Began as a Deep Elf Conjurer on Aug 1, 2018.
             Was an Initiate of Kikubaaqudgha.
             Slain by a water moccasin skeleton (8 damage)
             ... on level 4 of the Dungeon.
             The game lasted 00:08:44 (4931 turns).

prawnwizard the Conjurer (Deep Elf Conjurer)        Turns: 4931, Time: 00:08:44

Health: -4/32      AC:  3    Str:  5    XL:     6   Next: 94%
Magic:  13/16      EV: 15    Int: 22    God:    Kikubaaqudgha [......]
Gold:   190        SH:  0    Dex: 20    Spells: 4/16 levels left

rFire    . . .     SeeInvis .   l - +2 halberd (venom)
rCold    . . .     Gourm    .   (shield currently unavailable)
rNeg     . . .     Faith    .   a - +0 robe
rPois    .         Spirit   .   (no helmet)
rElec    .         Reflect  .   (no cloak)
rCorr    .         Harm     +   j - +0 pair of gloves
MR       .....                  (no boots)
Stlth    ++........             k - amulet of harm
HPRegen  0.10/turn              i - +5 ring of dexterity
MPRegen  0.15/turn              (no ring)

@: no status effects
A: no striking features
a: Renounce Religion


You were on level 4 of the Dungeon.
You worshipped Kikubaaqudgha.
Kikubaaqudgha was noncommittal.
You were very hungry.

You visited 2 branches of the dungeon, and saw 5 of its levels.

You collected 190 gold pieces.

Inventory:

Hand Weapons
 f - a +0 short sword of freezing
 l - a +2 halberd of venom (weapon)
Armour
 a - a +0 robe (worn)
 j - a +0 pair of gloves (worn)
Jewellery
 i - a +5 ring of dexterity (left hand)
 k - an amulet of harm (around neck)
 r - an uncursed ring of fire {unknown}
Wands
 s - a wand of digging (18)
 t - a wand of scattershot (8)
Scrolls
 b - 4 scrolls of identify
 e - 4 scrolls of amnesia
 g - 2 scrolls of remove curse
 n - 2 scrolls of teleportation
 q - 2 scrolls of fear {unknown}
 u - a scroll of magic mapping
Potions
 d - 4 potions of heal wounds
 h - a potion of flight
 o - 4 potions of haste
 p - a potion of curing
Comestibles
 c - 6 rations


   Skills:
 + Level 4.9 Dodging
 - Level 2.4 Stealth
 + Level 5.6 Spellcasting
 * Level 7.2 Conjurations


You had 4 spell levels left.
You knew the following spells:

 Your Spells              Type           Power        Failure   Level  Hunger
a - Magic Dart            Conj           ####         1%          1    None
b - Dazzling Spray        Conj/Hex       ###...       6%          3    ##.....
c - Iskenderun's Mystic   Conj           #####...     4%          4    ####...
d - Fulminant Prism       Conj/Hex       ###.......   22%         4    ####...

Your spell library contained the following spells:

 Spells                   Type           Power        Failure   Level  Hunger
 Force Lance              Conj/Tloc      ###.....     22%         4    ####...
 Searing Ray              Conj           #####.       1%          2    None


Dungeon Overview and Level Annotations

Branches:
Dungeon (4/15)             Temple (1/1) D:4

Altars:
Ashenzari
Cheibriados
Dithmenos
Elyvilon
Gozag
Hepliaklqana
Kikubaaqudgha
Makhleb
Nemelex Xobeh
Okawaru
Sif Muna
Trog
Uskayaw
Wu Jian
Xom
The Shining One

Shops:
D:3 *


Message History

The water moccasin skeleton bites you.
* * * LOW HITPOINT WARNING * * *
Casting: Magic Dart (safe; 1% risk of failure)
Confirm with . or Enter, or press ? or * to list all spells.
Aiming: Magic Dart (safe; 1% risk of failure)
Press: ? - help, Shift-Dir - straight line, f/p - water moccasin skeleton
Aim: a water moccasin skeleton (severely damaged)
The magic dart hits the water moccasin skeleton.
The water moccasin skeleton is severely damaged.
The water moccasin skeleton bites you but does no damage.
Casting: Magic Dart (safe; 1% risk of failure)
Confirm with . or Enter, or press ? or * to list all spells.
Aiming: Magic Dart (safe; 1% risk of failure)
Press: ? - help, Shift-Dir - straight line, f/p - water moccasin skeleton
Aim: a water moccasin skeleton (severely damaged)
The magic dart hits the water moccasin skeleton.
The water moccasin skeleton is severely damaged.
The water moccasin skeleton bites you!
You die...
Kikubaaqudgha rasps: "You have failed me!
Welcome... death!"

...###.###....#.##..........#
.....#........#.##.##########
...#.#.............##...
...#.##.......#.........
..>..##...#####.........
≈.....[####.............
≈......# #.####........
≈......####..# #........
.......##....# #@Z......
.............# #!.......
..........##.# #......?.
.............# #........
............## #.......!
##########.## ######### .# .#
.#


You could see a water moccasin skeleton.

Vanquished Creatures
  An ogre (D:4)
  A centaur skeleton (D:4)
  An orc priest (D:4)
  Natasha (thrice) (D:3)
  An iguana (D:4)
  An orc wizard (D:4)
  A worker ant (D:4)
  6 gnolls
  6 adders
  An ooze (D:3)
  2 adder skeletons
  2 dart slugs (D:3)
  2 worms (D:2)
  6 leopard geckos
  7 orcs (D:4)
  5 giant cockroaches
  2 goblins
  3 hobgoblins (D:1)
  10 kobolds
  A quokka (D:4)
  11 bats
  4 frilled lizards
  7 rats
84 creatures vanquished.

Notes
Turn   | Place    | Note
-------+----------+-------------------------------------------
     0 | D:1      | prawnwizard the Deep Elf Conjurer began the quest for the Orb.
     0 | D:1      | Reached XP level 1. HP: 10/10 MP: 6/6
   629 | D:1      | Reached XP level 2. HP: 15/15 MP: 5/8
  1456 | D:2      | Reached skill level 5 in Conjurations
  1456 | D:2      | Reached XP level 3. HP: 19/19 MP: 6/10
  1599 | D:2      | Learned a level 3 spell: Dazzling Spray
  1833 | D:2      | Reached XP level 4. HP: 24/24 MP: 0/11
  2011 | D:2      | Found a shadowy altar of Dithmenos.
  2053 | D:2      | Learned a level 4 spell: Iskenderun's Mystic Blast
  2508 | D:2      | Found a deep blue altar of Sif Muna.
  2931 | D:3      | Found Gozag's Platinum Reserve.
  3121 | D:3      | Reached XP level 5. HP: 27/28 MP: 0/13
  3146 | D:3      | Noticed Natasha
  3494 | D:3      | Found a shimmering altar of Xom.
  3637 | D:3      | Reached skill level 6 in Conjurations
  3811 | D:3      | Killed Natasha
  3825 | D:3      | Found an opulent altar of Gozag.
  3826 | D:3      | Noticed Natasha
  3829 | D:3      | Killed Natasha
  3861 | D:3      | Noticed Natasha
  3865 | D:3      | Killed Natasha
  3929 | D:4      | Reached skill level 5 in Spellcasting
  3929 | D:4      | Reached XP level 6. HP: 30/32 MP: 11/15
  4294 | D:4      | Reached skill level 7 in Conjurations
  4612 | D:4      | Found a staircase to the Ecumenical Temple.
  4640 | Temple   | Entered the Ecumenical Temple
  4710 | Temple   | Became a worshipper of Kikubaaqudgha
  4855 | Temple   | Learned a level 4 spell: Fulminant Prism
  4931 | D:4      | Slain by a water moccasin skeleton

Vault maps used:
D:1:      minmay_arrival_loop
D:2:      marbit_many_paths, first_ration, grunt_dithmenos_smoke
D:3:      lemuel_round_altar, nicolae_gozag_zags_fifth_avenue, uniq_natasha
D:4:      minmay_temple_entry_mist
Temple:   eino_temple_water

Skill      XL: |  1  2  3  4  5  6 |
---------------+-------------------+-----
Dodging        | 3 4 |  4.9
Conjurations   | 5 6 7 |  7.2
Spellcasting   | 4 5 |  5.6
Stealth        | |  2.4

Action                   |  1- 3 |  4- 6 || total
-------------------------+-------+-------++-------
Melee: Unarmed           |    13 |       ||    13
       Halberd           |       |    31 ||    31
 Cast: Magic Dart        |    56 |   122 ||   178
       Iskenderun's Myst |       |     6 ||     6
  Use: Scroll            |       |     8 ||     8
       Potion            |       |     1 ||     1
 Stab: Sleeping          |       |     2 ||     2
       Distracted        |       |     1 ||     1
  Eat: Chunk             |     1 |    11 ||    12
Armor: Robe              |    14 |     4 ||    18
Dodge: Dodged            |    38 |    35 ||    73

Table legend:
 A = Spawn XP
 B = Non-spawn XP
 C = Spawn XP percentage of total XP
 D = Spawn monster count
 E = Non-spawn monster count
 F = Spawn count percentage of total count
 G = Total turns spent on level
                    A         B        C        D         E        F      G
               +---------+---------+-------+---------+---------+-------+---------
         Total |       0 |     712 |   0.0 |       0 |      84 |   0.0 |  4931
               +---------+---------+-------+---------+---------+-------+---------
           D:1 |       0 |      35 |   0.0 |       0 |      20 |   0.0 |  1442
           D:2 |       0 |     105 |   0.0 |       0 |      23 |   0.0 |  1515
           D:3 |       0 |     208 |   0.0 |       0 |      20 |   0.0 |   956
           D:4 |       0 |     364 |   0.0 |       0 |      21 |   0.0 |   787
               +---------+---------+-------+---------+---------+-------+---------
